 Dungeon Crawl Stone Soup version 0.28.0-53-g5a82cb258f (webtiles) character file.

Game seed: 154855967878437815

189 Goodini51 the Magician (level 6, 0/40 HPs)
             Began as a Djinni Hedge Wizard on May 25, 2022.
             Slain by a hound skeleton (3 damage)
             ... on level 4 of the Dungeon on May 26, 2022.
             The game lasted 00:16:09 (3783 turns).

Goodini51 the Magician (Djinni Hedge Wizard)        Turns: 3783, Time: 00:16:09

Health: 0/40       AC:  2    Str:  9    XL:     6   Next: 0%
Gold:   195        EV: 12    Int: 17    God:
                   SH:  0    Dex: 13

rFire   + + .      SeeInvis .   k - +0 whip (venom)
rCold   x . .      Faith    .   (no shield)
rNeg    . . .      Spirit   .   b - +0 robe
rPois   ∞          Reflect  .   c - +0 hat
rElec   .          Harm     .   (no cloak)
rCorr   .          Rampage  .   (no gloves)
Will    .....                   (boots unavailable)
Stlth   ++........              (no amulet)
HPRegen 0.13/turn               (no ring)
MPRegen 0.00/turn               (no ring)

@: flying
A: sickness immunity, fire resistance 2, cold vulnerability 1, float, innate
caster, HP casting, extra vitality 1
a: no special abilities


You were on level 4 of the Dungeon.
You visited 1 branch of the dungeon, and saw 4 of its levels.

You collected 195 gold pieces.

Inventory:

Hand Weapons
 a - a +0 dagger
 k - a +0 whip of venom (weapon)
Missiles
 d - 88 bolts
 g - 82 arrows
Armour
 b - a +0 robe (worn)
 c - a +0 hat (worn)
Scrolls
 h - 2 scrolls of noise {unknown}
 i - a scroll of enchant weapon {unknown}
 j - 2 scrolls of immolation {unknown}
 l - a scroll of holy word {unknown}
 m - a scroll of vulnerability {unknown}
Potions
 e - a potion of resistance {unknown}
 f - a potion of curing {unknown}


   Skills:
 + Level 0.2 Fighting
 + Level 0.1 Maces & Flails
 + Level 2.9 Dodging
 + Level 2.4 Stealth
 + Level 4.2 Spellcasting


You couldn't memorise any spells.
You knew the following spells:

 Your Spells              Type           Power      Damage    Failure   Level
a - Magic Dart            Conj           68%        1d6       2%          1
b - Blink                 Tloc           34%        N/A       4%          2
c - Call Imp              Summ           17%        N/A       4%          2
d - Slow                  Hex            68%        N/A       2%          1
e - Conjure Flame         Conj/Fire      17%        6-21      9%          3
f - Mephitic Cloud        Conj/Pois/Air  17%        N/A       9%          3
g - Summon Small Mammal   Summ           68%        N/A       2%          1
h - Corpse Rot            Necr/Air       34%        N/A       4%          2
Your spell library was empty.

Dungeon Overview and Level Annotations

Branches:
Dungeon (4/15)
 Temple: D:4-7

Altars:
Vehumet


Innate Abilities, Weirdness & Mutations

You are immune to sickness and miasma.
You are immune to poison.
Your flesh is very heat resistant. (rF++)
You are vulnerable to cold. (rC-)
You float through the air rather than walking.
You learn spells naturally, not from books.
Your magical power is your life essence.
You have superior vitality. (+4 MHP)


Message History

The magic dart hits the iguana but does no damage.
The iguana is heavily wounded.
A hound skeleton comes into view.
Found 13 gold pieces.
You feel stable enough to blink again.
The iguana looks more healthy.
Casting: Magic Dart (safe; 2% risk of failure)
Confirm with . or Enter, or press ? or * to list all spells.
You miscast Call Imp.
You are very lightly contaminated with residual magic.
Nothing appears to happen.
Casting: Call Imp (safe; 4% risk of failure)
Confirm with . or Enter, or press ? or * to list all spells.
A beastly little devil appears in a puff of flame.
* * * LOW HITPOINT WARNING * * *
Your crimson imp hits the iguana but does no damage.
You reach down and open the door.
The iguana misses your crimson imp. The hound skeleton bites you.
* * * LOW HITPOINT WARNING * * *
Your crimson imp hits the iguana.
The iguana bites your crimson imp.
Your crimson imp hits the iguana but does no damage.
There is an open door here.
The iguana bites your crimson imp.
Your crimson imp hits the iguana.
Casting: Call Imp (safe; 4% risk of failure)
Confirm with . or Enter, or press ? or * to list all spells.
The fire begins to smoulder!
* * * LOW HITPOINT WARNING * * *
The hound skeleton bites you.
* * * LOW HITPOINT WARNING * * *
The iguana completely misses your crimson imp.
The hound skeleton closely misses you.
Your crimson imp blinks!
Your magical contamination has completely faded away.
The hound skeleton smothers the flame.
Casting: Conjure Flame (dangerous; 9% risk of failure)
Confirm with . or Enter, or press ? or * to list all spells.
Okay, then.
The iguana misses your crimson imp. The hound skeleton bites you.
You die...

#.###..##.#.#..........
+...........#..........
.#.###..##.###...l.....$
........##.# #...5......
........##.# ###'#######
........##.# #.#
........##.# #.#
........##.#####Z#
##.............#@#
#.###..##.#####........
##.###..##.# #.#######
........##.#####.#
...(.............#
######.###########
..............
##############


You could see an iguana (ally target), a hound skeleton and a friendly crimson
imp (summoned).

Vanquished Creatures
  A black bear (D:4)
  An orc wizard (D:3)
  2 adders
  An adder skeleton (D:4)
  A dart slug (D:2)
  An orc (D:3)
  5 ball pythons
  4 endoplasms
  2 giant cockroaches
  8 hobgoblins
  6 kobolds
  2 quokkas
  3 bats
  3 frilled lizards
  7 goblins
  A quokka skeleton (D:3)
  4 rats
52 creatures vanquished.

Vanquished Creatures (collateral kills)
  An orc (D:3)
  A goblin (D:3)
  A frilled lizard (D:3)
3 creatures vanquished.

Vanquished Creatures (others)
  A kobold (D:3)
  2 plants (D:3)
3 creatures vanquished.

Grand Total: 58 creatures vanquished

Notes
Turn   | Place    | Note
-------+----------+-------------------------------------------
     0 | D:1      | Goodini51 the Djinni Hedge Wizard began the quest for the
                  | Orb.
     0 | D:1      | Reached XP level 1. HP: 15/15 MP: 0/0
   298 | D:1      | Reached XP level 2. HP: 18/21 MP: 0/0
  1000 | D:2      | Reached skill level 3 in Spellcasting
  1000 | D:2      | Reached XP level 3. HP: 4/25 MP: 0/0
  1000 | D:2      | Learned a level 1 spell: Summon Small Mammal
  1032 | D:2      | HP: 1/25 [giant cockroach (1)]
  2105 | D:2      | Found a faded altar of an unknown god.
  2228 | D:3      | Reached XP level 4. HP: 27/31 MP: 0/0
  3355 | D:3      | Reached XP level 5. HP: 35/35 MP: 0/0
  3355 | D:3      | Learned a level 2 spell: Corpse Rot
  3413 | D:4      | Noticed a black bear
  3426 | D:4      | Killed a black bear
  3427 | D:4      | Reached skill level 4 in Spellcasting
  3723 | D:4      | Reached XP level 6. HP: 37/40 MP: 0/0
  3783 | D:4      | Slain by a hound skeleton

Illustrated notes

Levels and vault maps discovered:
D:1:      amcnicky_arrival_feature_with_door, layout_rooms,
          serial_park_tiny_pond, serial_bayou_ford_a
D:2:      layout_basic, chequers_ecumenical_altar_simple
D:3:      layout_loops_ring, mainiacjoe_overflow_alcove_2, fiery_altar_vehumet,
          serial_bayou_pond_b
D:4:      layout_basic, serial_shops, nicolae_shop_statue_plus,
          kennysheep_generic_room_15

Skill      XL: |  1  2  3  4  5 |
---------------+----------------+-----
Spellcasting   | 3 4 |  4.2
Stealth        | 2 |  2.4
Fighting       | |  0.2
Maces & Flails | |  0.1
Dodging        | |  2.9

Action                   |  1- 3 |  4- 6 || total
-------------------------+-------+-------++-------
Melee: Dagger            |     8 |     1 ||     9
       Whip              |       |    18 ||    18
 Cast: Magic Dart        |    81 |    48 ||   129
       Conjure Flame     |       |     6 ||     6
       Call Imp          |       |     3 ||     3
       Blink             |       |     2 ||     2
Armor: Robe              |     2 |       ||     2
Dodge: Dodged            |    20 |    14 ||    34
